 Dungeon Crawl Stone Soup version 0.22-a0-159-g7ce444f (webtiles) character file.

1939 dududu the Poker (level 9, 0/62 HPs)
             Began as a Barachi Skald on Feb 8, 2018.
             Was a Follower of Hepliaklqana.
             Killed by nerve-wracking pain
             ... invoked by a shadow imp
              (7 damage)
             ... on level 6 of the Dungeon on Feb 9, 2018.
             The game lasted 00:55:17 (8328 turns).

dududu the Poker (Barachi Skald)                    Turns: 8328, Time: 00:55:18

Health: 0/62       AC:  8    Str: 13    XL:     9   Next: 18%
Magic:  3/13       EV: 11    Int: 16    God:    Hepliaklqana [*.....]
Gold:   429        SH:  0    Dex: 12    Spells: 3/14 levels left

rFire    . . .     SeeInvis .   a - +1 trident
rCold    . . .     Gourm    .   (no shield)
rNeg     . . .     Faith    .   A - +0 ring mail
rPois    .         Spirit   .   (no helmet)
rElec    .         Reflect  .   (no cloak)
rCorr    .         Harm     .   i - +1 pair of gloves
MR       .....                  (no boots)
Stlth    +.........             (no amulet)
HPRegen  0.20/turn              (no ring)
MPRegen  0.13/turn              (no ring)

@: very slightly contaminated, slow
A: +LOS, swims, reduced essence, slowness 1, strong legs 1
a: Hop, Recall Ancestor, Ancestor Identity, Renounce Religion


You were on level 6 of the Dungeon.
You worshipped Hepliaklqana.
Hepliaklqana was aware of your devotion.
You were not hungry.

You visited 1 branch of the dungeon, and saw 7 of its levels.
You also visited: Sewer.

You collected 429 gold pieces.

Inventory:

Hand Weapons
 a - a +1 trident (weapon)
 b - a +0 hunting sling of flaming
 w - a +0 blowgun
Missiles
 h - 124 stones (quivered)
 z - 12 poisoned needles
 B - a throwing net
Armour
 e - a +0 plate armour of cold resistance
 i - a +1 pair of gloves (worn)
 u - a +0 leather armour
 A - a +0 ring mail (worn)
Jewellery
 g - an uncursed amulet of faith
Wands
 C - a wand of enslavement (1)
 F - a wand of polymorph (9)
Scrolls
 k - a scroll of immolation {unknown}
 q - a scroll of fear
 x - 4 scrolls of teleportation
 y - 2 scrolls of blinking
 G - a scroll of random uselessness {unknown}
Potions
 c - a potion of lignification {unknown}
 f - a potion of agility
 j - 3 potions of magic
 m - a potion of degeneration {unknown}
 n - a potion of heal wounds {unknown}
 o - a potion of cancellation
 p - a potion of mutation
 r - a potion of berserk rage
 s - a potion of haste
 t - a potion of brilliance
 v - 2 potions of invisibility
 D - a potion of curing
 E - a potion of flight {unknown}
Comestibles
 d - 9 rations


   Skills:
 + Level 6.0 Fighting
 + Level 7.7 Polearms
 - Level 5.0 Armour
 - Level 2.1 Dodging
 - Level 3.0 Spellcasting
 - Level 4.1 Hexes
 - Level 6.0 Charms


You had 3 spell levels left.
You knew the following spells:

 Your Spells              Type           Power        Failure   Level  Hunger
a - Infusion              Chrm           ###.         3%          1    #......
b - Shroud of Golubria    Chrm/Tloc      ##........   16%         2    ##.....
c - Spectral Weapon       Hex/Chrm       ###.....     14%         3    ###....
d - Regeneration          Chrm/Necr      ##........   32%         3    ###....
e - Song of Slaying       Chrm           ###.....     4%          2    ##.....


Dungeon Overview and Level Annotations

Branches:
Dungeon (7/15)             Temple (0/1) D:6

Altars:
Ashenzari
Cheibriados
Elyvilon
Hepliaklqana
Qazlal
Trog
Wu Jian

Annotations:
D:4 Azzok's ghost, amateur GrBe
D:7 Azzok's ghost, novice DEAE; Prince Ribbit


Innate Abilities, Weirdness & Mutations

Shadows flee at your approach. (+LOS)
You can swim through water.
You cover ground slowly.
You can hop short distances.
Your life essence is reduced to manifest your ancestor. (-10% HP)


Message History

The bolt of lightning hits the adder skeleton.
The adder skeleton is destroyed!
The bolt of lightning hits the kobold.
The kobold dies!
The bolt of lightning hits you!
* * * LOW HITPOINT WARNING * * *
The bolt of lightning misses you.
Azzok's ghost hits lololol.
Prince Ribbit hops awkwardly around.
Prince Ribbit hits lololol!
The shadow imp hits you.
* * * LOW HITPOINT WARNING * * *
Your shroud falls apart!
You climb upwards.
Your summoned ally is left behind.
Your spectral weapon fades away.
There is a stone staircase leading down here.
You see here an arrow.
Lololol is recalled.
The shadow imp gestures at you. Pain shoots through your body!
You die...

.....#.....###........##.#..#.##
#.....................##....#.#
.......##...................#.##
...###........#...####...##....#
...###...............#..##>....##
........##...)...................
...#...###(#<..........####......
.......# #.(.).........# ##.....
...#...####.(...@......# #......
#.#....).......R.5....#####.)....
....##.####......................
..####..# #..........####[#.#....
..# ##.# ##..(.............#....
..# #.####.##...........###....
#######......##............##....
......>...........########)[#####
<..............############..#


You could see the friendly lololol the ancestor and a shadow imp.

Vanquished Creatures
  Sigmund (D:6)
  A phantom (D:5)
  The ghost of Gorglomux the Skirmisher, an amateur MiWr (D:3)
  2 ogres (D:6)
  A centaur (D:5)
  Blork the orc (D:5)
  A scorpion (D:6)
  A wight (D:6)
  A centaur zombie (D:6)
  The ghost of 4thArraOfDagon the Ducker, a weakling FeAK of Lugonu (D:5)
  A bullfrog zombie (D:5)
  2 jellies
  4 orc priests
  2 hounds
  4 orc wizards
  Natasha (thrice) (D:3)
  A hound zombie (D:6)
  9 adders
  7 gnolls
  A shadow imp (D:5)
  An ooze (D:1)
  An adder skeleton (D:4)
  2 worms (D:2)
  2 dart slugs
  2 leopard geckos
  14 orcs
  5 ball pythons
  6 giant cockroaches
  8 goblins
  6 hobgoblins
  16 jackals
  12 kobolds
  A quokka (D:3)
  12 bats
  7 frilled lizards
  A jackal skeleton (D:5)
  11 rats
  7 plants (Sewer)
159 creatures vanquished.

Vanquished Creatures (collateral kills)
  An orc warrior (D:6)
  A centaur (D:6)
  2 bullfrogs (D:6)
  2 wights (D:6)
  A howler monkey (D:5)
  A gnoll (D:5)
  An orc (D:6)
9 creatures vanquished.

Vanquished Creatures (others)
  A wizard (D:6)
  An ancestor (D:6)
  An adder skeleton (D:7)
  A kobold (D:7)
  A spectral weapon (D:6)
5 creatures vanquished.

Grand Total: 173 creatures vanquished

Notes
Turn   | Place    | Note
-------+----------+-------------------------------------------
     0 | D:1      | dududu the Barachi Skald began the quest for the Orb.
     0 | D:1      | Reached XP level 1. HP: 17/17 MP: 3/3
   292 | D:1      | Reached XP level 2. HP: 23/23 MP: 0/5
   395 | D:1      | Upgraded the game from 0.22-a0-157-g169b76a to 0.22-a0-159-g7ce444f
   428 | D:1      | Learned a level 2 spell: Shroud of Golubria
   770 | D:1      | Reached XP level 3. HP: 28/28 MP: 0/7
   781 | D:1      | Learned a level 3 spell: Spectral Weapon
  1612 | D:2      | Reached XP level 4. HP: 34/34 MP: 2/8
  1627 | D:2      | Found a faded altar of an unknown god.
  2290 | D:3      | Noticed Natasha
  2303 | D:3      | Killed Natasha
  2303 | D:3      | Reached skill level 3 in Polearms
  2303 | D:3      | Reached skill level 1 in Hexes
  2636 | D:3      | Reached XP level 5. HP: 35/39 MP: 9/9
  2659 | D:3      | Learned a level 3 spell: Regeneration
  2713 | D:3      | Noticed Natasha
  2728 | D:3      | Killed Natasha
  2740 | D:3      | Noticed Gorglomux's ghost (amateur MiWr)
  2775 | D:3      | Killed Gorglomux's ghost
  2775 | D:3      | Reached skill level 5 in Charms
  2775 | D:3      | Reached XP level 6. HP: 30/46 MP: 2/10
  3039 | D:3      | Learned a level 2 spell: Song of Slaying
  3048 | D:3      | Noticed Natasha
  3059 | D:3      | Killed Natasha
  3059 | D:3      | Reached skill level 4 in Polearms
  3485 | D:4      | Noticed Azzok's ghost (amateur GrBe)
  3800 | D:4      | Found a glowing drain.
  3826 | Sewer    | Entered a sewer
  4848 | D:4      | Reached XP level 7. HP: 45/52 MP: 11/11
  4986 | D:3      | Found a white marble altar of Elyvilon.
  4986 | D:3      | Found a stormy altar of Qazlal.
  4988 | D:3      | Found a shattered altar of Ashenzari.
  5283 | D:5      | Entered Level 5 of the Dungeon
  5302 | D:5      | Noticed Blork the orc
  5309 | D:5      | Killed Blork the orc
  5418 | D:5      | Reached skill level 5 in Polearms
  5445 | D:5      | Noticed 4thArraOfDagon's ghost (weakling FeAK)
  5782 | D:5      | Found a hazy altar of Hepliaklqana.
  5791 | D:5      | Became a worshipper of Hepliaklqana the Forgotten
  5794 | D:5      | Killed 4thArraOfDagon's ghost
  6098 | D:5      | Found an ornate altar of the Wu Jian Council.
  6151 | D:5      | Reached XP level 8. HP: 52/52 MP: 8/12
  6226 | D:6      | Noticed Sigmund
  6541 | D:5      | Reached skill level 6 in Polearms
  6732 | D:6      | Found a snail-covered altar of Cheibriados.
  6872 | D:6      | Reached skill level 5 in Armour
  7128 | D:6      | Killed Sigmund
  7141 | D:6      | Reached skill level 7 in Polearms
  7175 | D:6      | Found a bloodstained altar of Trog.
  7176 | D:6      | Noticed a wizard
  7181 | D:6      | Killed a wizard
  7627 | D:6      | Reached skill level 5 in Fighting
  7634 | D:6      | Reached * piety under Hepliaklqana
  7647 | D:6      | Reached XP level 9. HP: 59/61 MP: 13/13
  8205 | D:6      | Found a staircase to the Ecumenical Temple.
  8305 | D:7      | Noticed Prince Ribbit
  8306 | D:7      | Noticed Azzok's ghost (novice DEAE)
  8328 | D:6      | Killed from afar by a shadow imp

Vault maps used:
D:1:      dpeg_arrival_ratfight, minmay_distorted
D:2:      chequers_ecumenical_altar_grove, first_ration, serial_bayou_pond_b
D:3:      nicolae_overflow_hidden_temple, uniq_natasha
D:4:      portal_sewer_entry_f, tso_altar
D:5:      lemuel_crystal_altar, marbit_many_paths, uniq_blork_the_orc
D:6:      cheibriados_altar_1, minmay_temple_entry_poolview, trog_wizard,
          uniq_sigmund
D:7:      uniq_duvessa, uniq_prince_ribbit1
Sewer:    sewer_co_scattered_pipes

Skill      XL: |  1  2  3  4  5  6  7  8  9 |
---------------+----------------------------+-----
Spellcasting   | 3 |  3.0
Charms         | 4 5 6 |  6.0
Polearms       | 3 4 5 7 |  7.7
Hexes          | 1 2 3 4 |  4.1
Fighting       | 3 5 6 |  6.0
Armour         | 3 5 |  5.0
Dodging        | |  2.1

Action                   |  1- 3 |  4- 6 |  7- 9 || total
-------------------------+-------+-------+-------++-------
Melee: Spear             |   153 |   121 |       ||   274
       Trident           |       |   283 |   162 ||   445
 Fire: Hunting sling     |       |    43 |     2 ||    45
       Blowgun           |       |     1 |       ||     1
Throw: Stone             |     7 |     9 |    10 ||    26
 Cast: Infusion          |     2 |     2 |     1 ||     5
       Spectral Weapon   |     2 |    14 |    25 ||    41
       Shroud of Golubri |     1 |    10 |    13 ||    24
Invok: Recall Ancestor   |       |       |     3 ||     3
       Ancestor Identity |       |       |     1 ||     1
 Abil: Hop               |       |       |     1 ||     1
Evoke: Wand              |       |       |     3 ||     3
  Use: Scroll            |       |    11 |     6 ||    17
       Potion            |       |     3 |       ||     3
 Stab: Distracted        |       |     2 |     2 ||     4
       Sleeping          |       |     1 |       ||     1
       Invisible         |       |     1 |       ||     1
  Eat: Chunk             |     2 |    14 |    11 ||    27
       Ration            |       |       |     2 ||     2
Armor: Leather armour    |    33 |    43 |     6 ||    82
       Ring mail         |       |       |    13 ||    13
Dodge: Dodged            |    64 |   113 |    50 ||   227

Table legend:
 A = Spawn XP
 B = Non-spawn XP
 C = Spawn XP percentage of total XP
 D = Spawn monster count
 E = Non-spawn monster count
 F = Spawn count percentage of total count
 G = Total turns spent on level
                    A         B        C        D         E        F      G
               +---------+---------+-------+---------+---------+-------+---------
         Total |       0 |    2771 |   0.0 |       0 |     162 |   0.0 |  8328
               +---------+---------+-------+---------+---------+-------+---------
           D:1 |       0 |      38 |   0.0 |       0 |      20 |   0.0 |  1113
           D:2 |       0 |      58 |   0.0 |       0 |      27 |   0.0 |  1041
           D:3 |       0 |     359 |   0.0 |       0 |      30 |   0.0 |  1675
           D:4 |       0 |     214 |   0.0 |       0 |      18 |   0.0 |   668
           D:5 |       0 |     685 |   0.0 |       0 |      21 |   0.0 |  2091
           D:6 |       0 |    1381 |   0.0 |       0 |      25 |   0.0 |   920
           D:7 |       0 |       4 |   0.0 |       0 |       1 |   0.0 |    34
         Sewer |       0 |      32 |   0.0 |       0 |      20 |   0.0 |   786
               +---------+---------+-------+---------+---------+-------+---------
